 Dungeon Crawl Stone Soup version 0.31.0-9-g3a7656b989 (webtiles) character file.

Game seed: 15164089075895494407

3865 Gumption the Ruffian (level 9, -4/85 HPs)
             Began as a Troll Earth Elementalist on Jan 31, 2024.
             Was a High Priest of Uskayaw.
             Slain by a killer bee (5 damage)
             ... on level 8 of the Dungeon.
             The game lasted 00:44:47 (7368 turns).

Gumption the Ruffian (Troll Earth Elementalist)     Turns: 7368, Time: 00:44:48

Health: -4/85      AC:  9    Str: 16    XL:     9   Next: 99%
Magic:  11/11      EV: 10    Int: 19    God:    Uskayaw [*****.]
Gold:   326        SH:  0    Dex: 12    Spells: 8/12 levels left

rFire   . .          .
                       - Unarmed
rCold   . . .        (no shield)
rNeg    + . .        j - +5 robe of the Zealous God {Will++}
rPois   .            (helmet restricted)
rElec   .            a - scarf of Weirdness {shadows, rN+ Str-2 Int+6 SInv}
rCorr   .            (gloves unavailable)
SInv    +            (boots unavailable)
Will    ++...        (no amulet)
Stlth   ++           (no ring)
HPRegen 1.14/turn    (no ring)
MPRegen 0.12/turn

%: no passive effects
@: lethally poisoned (-4 -> -4)
A: large, unfitting armour, claws 3, regeneration 1, shaggy fur 1, tough skin 1
a: Renounce Religion, Stomp, Line Pass, Grand Finale


You were on level 8 of the Dungeon.
You worshipped Uskayaw.
Uskayaw was noncommittal.
You visited 2 branches of the dungeon, and saw 9 of its levels.

You collected 343 gold pieces.
You spent 17 gold pieces at shops.

Inventory:

Missiles
 e - 37 poisoned darts
 s - 5 javelins
 x - a curare-tipped dart
Armour
 a - the scarf of Weirdness (worn) {shadows, rN+ Str-2 Int+6 SInv}
   (You acquired it on level 4 of the Dungeon)

   Str-2:     It affects your strength (-2).
   Int+6:     It affects your intelligence (+6).
   rN+:       It protects you from negative energy.
   SInv:      It lets you see invisible.
 j - the +5 robe of the Zealous God (worn) {Will++}
   (You acquired it on level 4 of the Dungeon)

   Will++:    It greatly increases your willpower.
Wands
 d - a wand of quicksilver (3)
Scrolls
 c - a scroll of teleportation {unknown}
 f - a scroll of blinking
 g - a scroll of amnesia
 h - a scroll of poison {unknown}
 k - a scroll of fog {unknown}
 r - a scroll of butterflies {unknown}
 u - 2 scrolls of enchant armour {unknown}
 y - a scroll of enchant weapon {unknown}
Potions
 b - 2 potions of magic
 i - a potion of haste
 l - 2 potions of might
 m - 2 potions of lignification
 n - a potion of brilliance
 o - 2 potions of heal wounds
 p - a potion of curing
 q - a potion of attraction
 t - a potion of resistance
 v - a potion of cancellation {unknown}
 w - a potion of mutation {unknown}


   Skills:
 + Level 4.6 Fighting
 - Level 1.5 Dodging
 - Level 1.0 Stealth
 * Level 7.5 Unarmed Combat
 - Level 2.0 Spellcasting
 - Level 4.0 Conjurations
 - Level 7.0 Earth Magic
 + Level 4.7 Invocations


You had 8 spell levels left.
You knew the following spells:

 Your Spells              Type           Power      Damage    Failure   Level
a - Sandblast             Erth           56%        2d13      1%          1
b - Stone Arrow           Conj/Erth      44%        3d9       5%          3

Your spell library contained the following spells:

 Spells                   Type           Power      Damage    Failure   Level
 Passwall                 Erth           28%        N/A       2%          3
 Brom's Barrelling Bould  Conj/Erth      22%        2d4       17%         4
 Petrify                  Alch/Erth      15%        N/A       36%         4
 Ozocubu's Armour         Ice            1%         N/A       45%         3
 Metabolic Englaciation   Hex/Ice        0%         N/A       99%         5
 Sculpt Simulacrum        Ice/Alch       0%         N/A       100%        6


Dungeon Overview and Level Annotations

Branches:
Dungeon (8/15)             Temple (1/1) D:5
   Lair: D:8-11

Altars:
Ashenzari
Cheibriados
Dithmenos
Elyvilon
Fedhas
Hepliaklqana
Kikubaaqudgha
Makhleb
Nemelex Xobeh
Okawaru
Sif Muna
Uskayaw
Vehumet
Yredelemnul
The Shining One

Shops:
D:4 (   D:7 *

Annotations:
D:4 1 runed translucent door, CapUranus's ghost, amateur GrFi
D:5 2 transporters, cariele's ghost, amateur AtFi
D:7 1 runed translucent door, MacCMillion's ghost, novice FeBe


Innate Abilities, Weirdness & Mutations

You are too large for most types of armour.
You have claws for hands.
Your natural rate of healing is unusually fast.
You are covered in fur. (AC +1)
You have tough skin. (AC +1)


Message History

The killer bee stings you but does no damage. x2
You closely miss the killer bee.
The killer bee is lightly wounded.
You feel very sick. The killer bee stings you!
You are more poisoned.
The killer bee poisons you! The killer bee stings you.
You closely miss the killer bee.
The killer bee is lightly wounded.
You feel very sick.
The killer bee stings you but does no damage.
The killer bee stings you.
* * * LOW HITPOINT WARNING * * *
You closely miss the killer bee. You claw the killer bee.
The killer bee is moderately wounded.
You feel very sick. The killer bee stings you.
* * * LOW HITPOINT WARNING * * *
You miss the killer bee.
The killer bee is moderately wounded.
You feel sick. The killer bee closely misses you.
The killer bee barely misses you.
You barely miss the killer bee.
The killer bee is moderately wounded.
You feel sick. The killer bee barely misses you. The killer bee stings you.
* * * LOW HITPOINT WARNING * * *
You barely miss the killer bee.
The killer bee is moderately wounded.
You feel sick.
The killer bee stings you but does no damage. x2
You scratch the killer bee.
The killer bee is heavily wounded.
You feel sick. The killer bee stings you!
* * * LOW HITPOINT WARNING * * *
You claw the killer bee!
The killer bee is almost dead.
You feel sick.
The killer bee stings you but does no damage.
The killer bee stings you.
You die...

#### ##########.....
........@y.# #####..#####
#..# ## #..#### .. #.....#
.. .#####.##### ##..
.......####### #.#.
.##...).<....##########...
............###...).......


You could see a killer bee.

Vanquished Creatures
  An ugly thing (D:8)
  Prince Ribbit (D:8)
  A steam dragon (D:6)
  Menkaure (D:5)
  Edmund (D:5)
  3 water moccasins
  An ice beast (D:5)
  3 sky beasts
  An ogre (D:5)
  A phantom (D:5)
  5 kobold brigands
  A bullfrog (D:7)
  2 scorpions
  4 wights (D:6)
  5 killer bees (D:8)
  3 howler monkeys
  3 bombardier beetles
  A bullfrog zombie (D:6)
  A crimson imp (D:6)
  2 hounds
  A gnoll bouda (D:7)
  An orc priest (D:5)
  2 jellies
  Terence (D:2)
  2 iguanas (D:5)
  A sleepcap (D:6)
  9 orc wizards
  A howler monkey zombie (D:6)
  7 gnolls
  12 adders
  A dart slug (D:1)
  2 ribbon worms
  25 orcs
  4 bats
  7 endoplasms
  3 giant cockroaches
  7 goblins
  6 hobgoblins
  2 jackals (D:2)
  24 kobolds
  7 quokkas
  8 ball pythons
  2 frilled lizards (D:2)
  4 rats
180 creatures vanquished.

Notes
Turn   | Place    | Note
-------+----------+-------------------------------------------
     0 | D:1      | Gumption the Troll Earth Elementalist began the quest for
                  | the Orb.
     0 | D:1      | Reached XP level 1. HP: 16/16 MP: 1/1
   191 | D:1      | Reached XP level 2. HP: 21/24 MP: 3/3
   310 | D:1      | Reached skill level 1 in Conjurations
   762 | D:2      | Reached skill level 1 in Unarmed Combat
   762 | D:2      | Reached XP level 3. HP: 31/31 MP: 1/4
   917 | D:2      | Learned a level 3 spell: Stone Arrow
   920 | D:2      | Noticed Terence
   975 | D:2      | Killed Terence
   976 | D:2      | Reached XP level 4. HP: 32/36 MP: 2/5
  1938 | D:3      | Reached XP level 5. HP: 19/45 MP: 0/6
  2156 | D:3      | Found a glowing golden altar of the Shining One.
  2379 | D:4      | Identified 3 scrolls of acquirement
  2379 | D:4      | Acquired the +1 animal skin of Restlessness {rN+ MP+9}
  2393 | D:4      | Acquired the scarf of Weirdness {shadows, rN+ Str-2 Int+6
                  | SInv}
  2408 | D:4      | Acquired the +5 robe of the Zealous God {Will++}
  2678 | D:4      | Reached XP level 6. HP: 53/53 MP: 5/8
  2750 | D:4      | Found Vapoech's Antique Weapon Boutique.
  2906 | D:4      | Found a runed translucent door.
  2906 | D:4      | Noticed CapUranus's ghost (amateur GrFi)
  3537 | D:5      | Entered Level 5 of the Dungeon
  3614 | D:5      | Reached skill level 1 in Fighting
  3641 | D:5      | Found a staircase to the Ecumenical Temple.
  3649 | Temple   | Found a transporter.
  3649 | Temple   | Found a transporter.
  3649 | Temple   | Found a transporter.
  3649 | Temple   | Found a transporter.
  3649 | Temple   | Entered the Ecumenical Temple
  3784 | Temple   | Became a worshipper of Uskayaw the Reveller
  3846 | D:5      | Noticed a water moccasin
  3849 | D:5      | Reached * piety under Uskayaw
  3852 | D:5      | Reached ** piety under Uskayaw
  3856 | D:5      | Killed a water moccasin
  3857 | D:5      | Reached skill level 5 in Earth Magic
  3857 | D:5      | Reached XP level 7. HP: 41/62 MP: 9/9
  3857 | D:5      | Reached *** piety under Uskayaw
  3861 | D:5      | Reached **** piety under Uskayaw
  3899 | D:5      | Reached skill level 1 in Invocations
  3961 | D:5      | Noticed Edmund
  3979 | D:5      | Killed Edmund
  3980 | D:5      | Reached XP level 8. HP: 33/72 MP: 10/10
  4068 | D:5      | Found a transporter.
  4146 | D:5      | Noticed cariele's ghost (amateur AtFi)
  4200 | D:5      | Found a transporter.
  4286 | D:5      | Noticed Menkaure
  4295 | D:5      | Killed Menkaure
  4502 | D:5      | Found an ancient bone altar of Kikubaaqudgha.
  4749 | D:5      | Reached ***** piety under Uskayaw
  5258 | D:6      | Reached XP level 9. HP: 78/82 MP: 11/11
  5274 | D:6      | Found a snail-covered altar of Cheibriados.
  5366 | D:6      | Reached skill level 5 in Unarmed Combat
  5378 | D:6      | Found a basalt altar of Yredelemnul.
  5471 | D:6      | Found a burning altar of Makhleb.
  5614 | D:6      | Found a hazy altar of Hepliaklqana.
  5883 | D:7      | Found Lonital's Assorted Antiques.
  5891 | D:7      | Bought a scroll labelled DARUACR GOENISA for 17 gold pieces
  5973 | D:7      | Found a runed translucent door.
  5977 | D:7      | Noticed MacCMillion's ghost (novice FeBe)
  6352 | D:7      | Found a white marble altar of Elyvilon.
  6850 | D:8      | Noticed a green ugly thing
  6959 | D:8      | Found a shimmering blue altar of Sif Muna.
  6960 | D:8      | Noticed Prince Ribbit
  6978 | D:8      | Killed Prince Ribbit
  7170 | D:8      | Killed a green ugly thing
  7367 | D:8      | HP: 1/85 [killer bee (8)]
  7368 | D:8      | Slain by a killer bee

Illustrated notes

Levels and vault maps discovered:
D:1:      sevenhm_arrival_forest_fort_large_2, layout_basic
D:2:      layout_loops_ring, kennysheep_generic_room_11, uniq_terence
D:3:      layout_basic, nicolae_tso_carved_into_rock
D:4:      layout_cave_pods, hellmonk_ghost_happy_afterlife, serial_shops, shop,
          dreamdust_mushroom_princess, ebering_dispersal_statue_hall,
          hangedman_abyss_or_decor_jellyfish_corner
D:5:      layout_loops_ring, mainiacjoe_overflow_alcove_2,
          minmay_temple_entry_poolview, gammafunk_ghost_arena,
          kennysheep_generic_room_2, uniq_edmund, uniq_menkaure
D:6:      layout_basic, lemuel_zombie_altar_yredelemnul, makhleb_grotto_becter,
          slow_altar_1, nicolae_hepliaklqana_hippocampus
D:7:      layout_loops_ring, nicolae_elyvilon_temple_path, serial_shops,
          nicolae_shop_statue_plus, ebering_ghost_reflecting_pool, minivault_27,
          hangedman_decor_opposing, hangedman_abyss_or_decor_stagger
D:8:      layout_loops_ring, mainiacjoe_overflow_small_starburst,
          trog_butcher_becter, marbit_many_paths, uniq_prince_ribbit1
Temple:   hellmonk_temple_divided_pantheon

Skill      XL: |  1  2  3  4  5  6  7  8  9 |
---------------+----------------------------+-----
Earth Magic    | 3 4 5 7 |  7.0
Conjurations   | 1 2 3 4 |  4.0
Unarmed Combat | 1 2 3 4 7 |  7.5
Spellcasting   | 2 |  2.0
Fighting       | 1 2 3 4 |  4.6
Invocations    | 1 3 4 |  4.7
Dodging        | |  1.5
Stealth        | |  1.0

Action                     |  1- 3 |  4- 6 |  7- 9 || total
---------------------------+-------+-------+-------++-------
  Melee: Unarmed           |    74 |   161 |   372 ||   607
         Punch             |     1 |     2 |    17 ||    20
   Cast: Sandblast         |    10 |    29 |    41 ||    80
 Invoke: Line Pass         |       |       |     1 ||     1
    Use: Scroll            |       |     9 |     5 ||    14
         Potion            |       |       |     1 ||     1
   Stab: Sleeping          |     2 |       |     1 ||     3
         Paralysed         |       |       |    12 ||    12
 Armour: Robe              |    49 |   104 |   233 ||   386
  Dodge: Dodged            |    37 |    70 |   110 ||   217
